 Dungeon Crawl Stone Soup version 0.29.1-1-gd02db6906a (webtiles) character file.

Game seed: 12423122388094354651

50 gzilladon the Chopper (level 3, 0/34 HPs)
             Began as a Hill Orc Monk on Sept 23, 2022.
             Killed from afar by an orc wizard (3 damage)
             ... with a magic dart
             ... on level 3 of the Dungeon.
             The game lasted 00:02:43 (1007 turns).

gzilladon the Chopper (Hill Orc Monk)               Turns: 1007, Time: 00:02:44

Health: 0/34       AC:  5    Str: 15    XL:     3   Next: 79%
Magic:  3/3        EV: 10    Int: 10    God:
Gold:   28         SH:  3    Dex: 13    Spells: 2/2 levels left

rFire   . . .      SeeInvis .   a - +0 hand axe
rCold   . . .      Faith    .   o - +0 buckler
rNeg    . . .      Spirit   .   m - +0 ring mail
rPois   .          Reflect  .   (no helmet)
rElec   .          Harm     .   (no cloak)
rCorr   .          Rampage  .   (no gloves)
Will    .....                   (no boots)
Stlth   +.........              (no amulet)
HPRegen 0.11/turn               r - ring of flight
MPRegen 0.08/turn               (no ring)

@: flying
A: no striking features
a: no special abilities


You were on level 3 of the Dungeon.
You visited 1 branch of the dungeon, and saw 3 of its levels.

You collected 28 gold pieces.

Inventory:

Hand Weapons
 a - a +0 hand axe (weapon)
 g - a +0 quarterstaff
 j - a +0 dagger
 l - a +0 long sword
 n - a +0 spear
Missiles
 e - 9 stones (quivered)
 i - a throwing net
Armour
 b - a +0 robe
 m - a +0 ring mail (worn)
 o - a +0 buckler (worn)
Jewellery
 r - a ring of flight (left hand)
Scrolls
 f - a scroll of teleportation {unknown}
 h - a scroll of immolation {unknown}
 p - a scroll of noise {unknown}
 q - a scroll of identify {unknown}
Potions
 c - a potion of ambrosia
 d - a potion of brilliance {unknown}
 k - a potion of mutation {unknown}


   Skills:
 + Level 4.5 Fighting
 + Level 4.8 Axes
 * Level 0.3 Armour
 + Level 2.7 Dodging
 - Level 1.5 Stealth


You had 2 spell levels left.
You didn't know any spells.
Your spell library was empty.

Dungeon Overview and Level Annotations

Branches:
Dungeon (3/15)

Altars:


Message History

You hit the orc wizard.
The orc wizard is moderately wounded.
The orc wizard points at you and mumbles some strange words.
You resist with significant effort.
You miss the orc wizard.
The orc wizard is moderately wounded.
You hit the orc but do no damage. You closely miss the orc wizard.
The orc wizard points at you and mumbles some strange words.
The puff of flame hits you! The orc hits you but does no damage.
You slash the orc!
You kill the orc!
You hit the orc wizard. You block the orc wizard's attack.
You closely miss the orc. You closely miss the orc wizard.
The orc barely misses you.
The orc wizard casts a spell.
The orc wizard flickers and vanishes!
Deactivating autopickup; reactivate with Ctrl-A.
You hit the orc but do no damage. You closely miss something.
Something hits you but does no damage. The orc hits you but does no damage.
You hit the orc but do no damage. You miss something. Something hits you.
The orc hits you with a +0 dagger.
* * * LOW HITPOINT WARNING * * *
You hit the orc but do no damage. You hit something.
The orc hits you with a +0 dagger.
* * * LOW HITPOINT WARNING * * *
Something hits you but does no damage.
You hit the orc.
The orc is lightly wounded.
You miss something. The orc barely misses you.
Something hits you but does no damage.
You barely miss the orc.
The orc is lightly wounded.
You closely miss something. The orc closely misses you. Something hits you.
* * * LOW HITPOINT WARNING * * *
Something hits you but does no damage.
You barely miss the orc. You closely miss something.
You hear some strange, mumbled words.
A magic dart appears from out of thin air!
The magic dart hits you.
You die...

#############..
...............###.
..#####.#####..... ##
..# ##...## #.. .#
..# #.....# ... ..#
.## ##...## #.###..#
## ##.## #.#... # #
#.# #{#.##.# #.#
#@oo...# ##'##
###.#### ##.†.## #.#
##.....## ##.#
####.......## ##..#
............####...##
............'<......#
###.........####...##
# #........## ##..#


You could see 2 orcs.

Vanquished Creatures
  3 adders
  2 orcs (D:3)
  A bat (D:2)
  2 endoplasms
  3 giant cockroaches
  3 hobgoblins
  2 jackals (D:2)
  A quokka (D:3)
  A rat (D:2)
18 creatures vanquished.

Notes
Turn   | Place    | Note
-------+----------+-------------------------------------------
     0 | D:1      | gzilladon the Hill Orc Monk began the quest for the Orb.
     0 | D:1      | Reached XP level 1. HP: 19/19 MP: 1/1
    51 | D:2      | Reached XP level 2. HP: 19/27 MP: 2/2
   203 | D:2      | Reached XP level 3. HP: 18/34 MP: 3/3
  1007 | D:3      | Killed from afar by an orc wizard

Illustrated notes

Levels and vault maps discovered:
D:1:      lemuel_arrival_hallway, layout_rooms, shapermc_ecumenical_altar_venn,
          minmay_misc_feat_columns
D:2:      layout_loops_ring, kennysheep_generic_room_5
D:3:      layout_loops_corners, minmay_misc_feat_room, hangedman_decor_growths

Skill      XL: |  1 |
---------------+----+-----
Fighting       | 4 |  4.5
Axes           | |  4.8
Armour         | |  0.3
Dodging        | |  2.7
Stealth        | |  1.5

Action                   || total
-------------------------++-------
Melee: Hand axe          ||    98
       Punch             ||     1
 Stab: Sleeping          ||     1
Armor: Robe              ||    10
       Ring mail         ||    21
Dodge: Dodged            ||    57
Block: Buckler           ||    10
